 Dungeon Crawl Stone Soup version 0.22-a0-433-gd2a9cce (webtiles) character file.

119 MisterFreud the Spear-Bearer (level 5, 0/57 HPs)
             Began as a Merfolk Gladiator on May 28, 2018.
             Slain by an orc wizard
             ... wielding a +0 dagger of venom
              (4 damage)
             ... on level 3 of the Dungeon.
             The game lasted 00:02:45 (1967 turns).

MisterFreud the Spear-Bearer (Merfolk Gladiator)    Turns: 1967, Time: 00:02:47

Health: 0/57       AC:  5    Str: 19    XL:     5   Next: 3%
Magic:  5/5        EV: 14    Int:  8    God:
Gold:   117        SH:  0    Dex: 16    Spells: 4/4 levels left

rFire    + . .     SeeInvis .   a - +0 trident
rCold    + . .     Gourm    .   (no shield)
rNeg     . . .     Faith    .   b - +0 leather armour
rPois    +         Spirit   .   c - +0 helmet
rElec    +         Reflect  .   (no cloak)
rCorr    +         Harm     .   (no gloves)
MR       .....                  o - +0 pair of boots
Stlth    ..........             (no amulet)
HPRegen  0.19/turn              (no ring)
MPRegen  0.09/turn              (no ring)

@: berserking, lethally poisoned (0 -> -3), resistant, very quick
A: change form in water, swift swim, stealthy swim
a: no special abilities


You were on level 3 of the Dungeon.
You were not hungry.

You visited 1 branch of the dungeon, and saw 3 of its levels.

You collected 117 gold pieces.

Inventory:

Hand Weapons
 a - a +0 trident (weapon)
Missiles
 d - 3 throwing nets (quivered)
 k - 59 stones
 l - 25 sling bullets
 n - 2 poisoned needles
Armour
 b - a +0 leather armour (worn)
 c - a +0 helmet (worn)
 o - a +0 pair of boots (worn)
Scrolls
 e - a scroll of blinking {unknown}
 h - 2 scrolls of teleportation {unknown}
 i - 3 scrolls of identify {unknown}
 j - a scroll of random uselessness {unknown}
 p - a scroll of noise {unknown}
 r - a scroll of fear {unknown}
Potions
 g - a potion of resistance
 q - a potion of degeneration {unknown}
Comestibles
 f - 4 rations


   Skills:
 - Level 2.1 Fighting
 + Level 8.0 Polearms
 - Level 2.0 Throwing
 - Level 4.0 Dodging


You had 4 spell levels left.
You didn't know any spells.
Your spell library was empty.

Dungeon Overview and Level Annotations

Branches:
Dungeon (3/15)

Altars:
Ashenzari
Gozag


Message History

It was a potion of berserk rage.
A red film seems to cover your vision as you go berserk!
You feel yourself moving faster!
You feel mighty! The adder bites you.
* * * LOW HITPOINT WARNING * * *
The adder bites you but does no damage.
You are too berserk!
Unknown command.
You puncture the adder!
The adder is almost dead.
* * * LOW HITPOINT WARNING * * *
You feel sick. The adder barely misses you.
You puncture the adder!
You kill the adder!
Your Polearms skill increases to level 8!
You have reached level 5!
You feel clever.
The orc wizard gestures at you while chanting.
The puff of frost misses you.
The orc wizard hits you with a dagger of venom.
You die...

##.###.#..#....
....##...........#.#
...##..##.#####.#.#
...##..##.......#.#
..##..##########.#
..##..........##.#
#.##.####..##.##.#
#o##.##..........#
#@##....###.###..#
#)#####.# .# #
######.......###+# #
##............###_+
#
..............###+#
##............#
#............#
#...............
#............###


You could see an orc wizard.

Vanquished Creatures
  An orc priest (D:3)
  Jessica (D:2)
  3 adders
  A dart slug (D:1)
  A leopard gecko (D:1)
  2 orcs (D:3)
  2 hobgoblins (D:1)
  3 kobolds
  6 bats
  A frilled lizard (D:2)
  7 goblins (D:1)
  7 rats
35 creatures vanquished.

Notes
Turn   | Place    | Note
-------+----------+-------------------------------------------
     0 | D:1      | MisterFreud the Merfolk Gladiator began the quest for the Orb.
     0 | D:1      | Reached XP level 1. HP: 16/16 MP: 1/1
   111 | D:1      | Reached skill level 5 in Polearms
   111 | D:1      | Reached XP level 2. HP: 21/22 MP: 2/2
   320 | D:1      | You fall through a shaft!
   444 | D:2      | Reached skill level 6 in Polearms
   444 | D:2      | Reached XP level 3. HP: 27/27 MP: 3/3
   495 | D:2      | Found an opulent altar of Gozag.
   674 | D:2      | Noticed Jessica
   689 | D:2      | Killed Jessica
   832 | D:2      | Reached skill level 7 in Polearms
   832 | D:2      | Reached XP level 4. HP: 29/33 MP: 4/4
  1927 | D:3      | Found a shattered altar of Ashenzari.
  1966 | D:3      | Reached skill level 8 in Polearms
  1966 | D:3      | Reached XP level 5. HP: 4/38 MP: 5/5
  1967 | D:3      | Slain by an orc wizard

Vault maps used:
D:1:      saegor_arrival_simple_e
D:2:      nicolae_gozag_seed_capital, uniq_jessica
D:3:      lemuel_doored_altar, first_ration, uniq_crazy_yiuf_cottage

Skill      XL: |  1  2  3  4 |
---------------+-------------+-----
Polearms       | 5 6 7 8 |  8.0
Fighting       | |  2.1
Throwing       | |  2.0
Dodging        | |  4.0

Action                   |  1- 3 |  4- 6 || total
-------------------------+-------+-------++-------
Melee: Trident           |    62 |    73 ||   135
  Use: Potion            |       |     2 ||     2
  Eat: Chunk             |       |     3 ||     3
Armor: Leather armour    |    16 |    13 ||    29
Dodge: Dodged            |    30 |    37 ||    67

Table legend:
 A = Spawn XP
 B = Non-spawn XP
 C = Spawn XP percentage of total XP
 D = Spawn monster count
 E = Non-spawn monster count
 F = Spawn count percentage of total count
 G = Total turns spent on level
                    A         B        C        D         E        F      G
               +---------+---------+-------+---------+---------+-------+---------
         Total |       0 |     170 |   0.0 |       0 |      35 |   0.0 |  1967
               +---------+---------+-------+---------+---------+-------+---------
           D:1 |       0 |      38 |   0.0 |       0 |      22 |   0.0 |  1044
           D:2 |       0 |      68 |   0.0 |       0 |       6 |   0.0 |   814
           D:3 |       0 |      64 |   0.0 |       0 |       7 |   0.0 |   109
               +---------+---------+-------+---------+---------+-------+---------
